 Dungeon Crawl Stone Soup version 0.29-a0-821-g66395355a5 (webtiles) character file.

Game seed: 11151468842440649555

2 jlumianski the Trooper (level 1, -5/18 HPs)
             Began as a Demonspawn Fighter on July 8, 2022.
             Slain by a kobold
             ... wielding a +0 whip of electrocution
              (19 damage)
             ... on level 1 of the Dungeon.
             The game lasted 00:00:25 (76 turns).

jlumianski the Trooper (Demonspawn Fighter)           Turns: 76, Time: 00:00:26

Health: -5/18      AC:  6    Str: 16    XL:     1   Next: 25%
Magic:  1/1        EV:  8    Int:  9    God:
Gold:   4          SH:  4    Dex: 12    Spells: 0/0 levels left

rFire   . . .      SeeInvis .   a - +0 war axe
rCold   . . .      Faith    .   c - +0 buckler
rNeg    . . .      Spirit   .   b - +0 scale mail
rPois   .          Reflect  .   (no helmet)
rElec   .          Harm     .   (no cloak)
rCorr   .          Rampage  .   (no gloves)
Will    .....                   (no boots)
Stlth   ..........              (no amulet)
HPRegen 0.06/turn               (no ring)
MPRegen 0.07/turn               (no ring)

@: no status effects
A: no striking features
a: no special abilities


You were on level 1 of the Dungeon.
You visited 1 branch of the dungeon, and saw 1 of its levels.

You collected 4 gold pieces.

Inventory:

Hand Weapons
 a - a +0 war axe (weapon)
Missiles
 f - 8 stones (quivered)
Armour
 b - a +0 scale mail (worn)
 c - a +0 buckler (worn)
Scrolls
 e - a scroll of brand weapon {unknown}
Potions
 d - a potion of might


   Skills:
 + Level 3.0 Fighting
 + Level 1.7 Axes
 + Level 2.7 Armour
 + Level 2.7 Shields


You couldn't memorise any spells.
You didn't know any spells.
Your spell library was empty.

Dungeon Overview and Level Annotations

Branches:
Dungeon (1/15)

Altars:


Message History

There is a dry fountain here.
You see here 4 large rocks.
e - a scroll labelled HESSONN COTY
Found 8 stones.
You see here 8 stones.
f - 8 stones
There is a dry fountain here.
You see here a +2 short sword of draining.
You open the door.
Found a stone staircase leading down.
There is an open door here.
A bat comes into view.
A kobold comes into view. It is wielding a +0 short sword.
The bat hits you but does no damage.
You barely miss the bat. The bat hits you but does no damage.
The bat barely misses you. You block the bat's attack.
You slash the bat!
You kill the bat!
Found 4 gold pieces.
The kobold barely misses you.
You closely miss the kobold.
The kobold hits you with a +0 short sword. x2
You slash the kobold!
You kill the kobold!
You see here a +0 short sword.
You now have 4 gold pieces.
Found 7 gold pieces.
A kobold comes into view.
It is wielding a +0 whip of electrocution.
The kobold shouts!
An endoplasm comes into view.
The endoplasm quivers.
The kobold hits you with a +0 whip of electrocution.
You see here 4 gold pieces.
The kobold attacks as you move away! You block the kobold's attack.
You closely miss the kobold. You block the kobold's attack.
The kobold hits you but does no damage.
You barely miss the kobold. The kobold hits you but does no damage.
You are electrocuted!!
Ouch! That really hurt!
You die...

.############
........$...
..........###
..J.....#8###
#..........
######.........
#..@KJ.........
......####....#8###
##### #....####
#.......# ##..#####
#.)# .# #..#####..#
#........#
##########
#..#..####


You could see an endoplasm and a kobold.

Vanquished Creatures
  A bat (D:1)
  A kobold (D:1)
2 creatures vanquished.

Notes
Turn   | Place    | Note
-------+----------+-------------------------------------------
     0 | D:1      | jlumianski the Demonspawn Fighter began the quest for the
                  | Orb.
     0 | D:1      | Reached XP level 1. HP: 18/18 MP: 1/1
    76 | D:1      | Slain by a kobold

Illustrated notes

Levels and vault maps discovered:
D:1:      dpeg_arrival_stone_temple_mockup, layout_rooms,
          hellmonk_ecumenical_altar_arch_garden, corexii_hall_statues_x

Action                   || total
-------------------------++-------
Melee: War axe           ||     6
Armor: Scale mail        ||     4
Dodge: Dodged            ||     2
Block: Buckler           ||     3

Table legend: (Time is in decaauts)
 A = Elapsed time spent in this place.
 B = Non-inter-level travel time spent in this place.
 C = Inter-level travel time spent in this place.
 D = Time resting spent in this place.
 E = Time spent auto-exploring this place.
 F = Levels seen in this place.
 G = Mean time per level.
                   A        B        C        D        E       F      G
               +--------+--------+--------+--------+--------+-----+--------+
         Total |     78 |     78 |      0 |      0 |     28 |   1 |   78.0 |
       Dungeon |     78 |     78 |      0 |      0 |     28 |   1 |   78.0 |
               +--------+--------+--------+--------+--------+-----+--------+

Top non-repeatable levels by time:
     D:1: 78 daAuts
